 Dungeon Crawl Stone Soup version 0.30-a0-587-gfd7c166f36 (webtiles) character file.

Game seed: 12071795257089004447

516 Bnni the Vexing (level 7, -20/51 HPs)
             Began as a Formicid Hexslinger on Jan 4, 2023.
             Killed by an exploding Dowan (58 damage)
             ... ignited by their inner flame
             ... on level 4 of the Dungeon.
             The game lasted 00:06:08 (3117 turns).

Bnni the Vexing (Formicid Hexslinger)               Turns: 3117, Time: 00:06:09

Health: -20/51     AC:  3    Str: 15    XL:     7   Next: 44%
Magic:  5/10       EV: 12    Int: 14    God:
Gold:   188        SH:  0    Dex: 14    Spells: 3/11 levels left

rFire   . . .      SeeInvis +    a - +1 sling
rCold   . . .      Faith    .    (no shield)
rNeg    . . .      Spirit   .    c - +0 robe
rPois   .          Reflect  .    (helmet unavailable)
rElec   .          Harm     .    (no cloak)
rCorr   .          Rampage  .    l - +0 pair of gloves
Will    .....                    (no boots)
Stlth   +                        k - amulet of the acrobat
HPRegen 0.28/turn                (no ring)
MPRegen 0.12/turn                (no ring)

@: no status effects
A: permanent stasis, dig shafts and tunnels, antennae 3, four strong arms
a: Dig, Shaft Self


You were on level 4 of the Dungeon.
You visited 1 branch of the dungeon, and saw 4 of its levels.

You collected 188 gold pieces.

Inventory:

Hand Weapons
 a - a +1 sling (weapon)
Armour
 c - a +0 robe (worn)
 j - a +0 kite shield
 l - a +0 pair of gloves (worn)
Jewellery
 k - an amulet of the acrobat (around neck)
Scrolls
 b - 2 scrolls of poison
 e - 2 scrolls of vulnerability {unknown}
 i - 2 scrolls of fog {unknown}
 p - a scroll of amnesia
 r - a scroll of teleportation {unknown}
 u - a scroll of magic mapping {unknown}
Potions
 d - a potion of lignification {unknown}
 f - a potion of ambrosia
 g - a potion of might
 h - a potion of heal wounds
 o - a potion of mutation
 q - a potion of degeneration {unknown}
 s - a potion of haste {unknown}
 t - a potion of curing {unknown}


   Skills:
 + Level 2.6 Fighting
 * Level 4.2 Ranged Weapons
 - Level 1.7 Dodging
 + Level 2.2 Shields
 + Level 2.5 Spellcasting
 * Level 5.6 Hexes
 - Level 3.0 Fire Magic


You had 3 spell levels left.
You knew the following spells:

 Your Spells              Type           Power      Damage    Failure   Level
a - Slow                  Hex            68%        N/A       2%          1
b - Inner Flame           Hex/Fire       13%        N/A       12%         3
d - Cause Fear            Hex            8%         N/A       22%         4

Your spell library contained the following spells:

 Spells                   Type           Power      Damage    Failure   Level
 Scorch                   Fire           20%        2d6       10%         2
 Portal Projectile        Hex/Tloc       18%        N/A       22%         3
 Cigotuvi's Dreadful Rot  Necr/Pois/Air  2%         N/A       34%         2
 Ozocubu's Armour         Ice            1%         N/A       56%         3
 Flame Wave               Conj/Fire      6%         2d5       77%         4
 Dispel Undead            Necr           1%         3d6       92%         4
 Death Channel            Necr           0%         N/A       100%        6
 Summon Cactus Giant      Summ           0%         N/A       100%        6
 Ozocubu's Refrigeration  Ice            0%         4d7       100%        7


Dungeon Overview and Level Annotations

Branches:
Dungeon (4/15)
 Temple: D:4-7

Altars:
Elyvilon


Innate Abilities, Weirdness & Mutations

You cannot be hasted, slowed, berserked, paralysed or teleported.
You can dig through walls and to a lower floor.
You have a pair of large antennae on your head. (SInv)
Your four strong arms can wield two-handed weapons with a shield.


Message History

Dowan casts a spell.
Dowan blinks!
Throw: 3 darts (poison)
Press: ? - help, Shift-Dir - straight line, f/p - Dowan
Aim: Dowan, wielding a +0 dagger and wearing a +0 robe (fast, inner flame, 48% to hit)
You throw a poisoned dart. The poisoned dart misses Dowan.
Throw: 2 darts (poison)
Press: ? - help, Shift-Dir - straight line, f/p - Dowan
Aim: Dowan, wielding a +0 dagger and wearing a +0 robe (fast, inner flame, 48% to hit)
You throw a poisoned dart. The poisoned dart closely misses Dowan.
Dowan casts a spell.
Dowan blinks!
Throw: dart (poison)
Press: ? - help, Shift-Dir - straight line, f/p - Dowan
Aim: Dowan, wielding a +0 dagger and wearing a +0 robe (fast, inner flame, 48% to hit)
You throw a poisoned dart. The poisoned dart barely misses Dowan.
Dowan says, "Magic will overcome all!"
Dowan mumbles some strange words.
Dowan blinks!
You see here a poisoned dart.
You shoot a sling bullet. The sling bullet hits Dowan.
Flame seeps out of Dowan.
Dowan is lightly wounded.
Dowan is engulfed in blazing flames.
Flame seeps out of Dowan.
Dowan attacks as you move away! Dowan hits you with a +0 dagger.
Dowan shakes with grief.
Dowan misses you.
You see here a poisoned dart.
Dowan mumbles some strange words.
Dowan blinks!
You shoot a sling bullet. The sling bullet barely misses Dowan.
You shoot a sling bullet. The sling bullet hits Dowan.
Flame seeps out of Dowan.
Dowan is severely wounded.
Dowan is engulfed in blazing flames.
Flame seeps out of Dowan.
Dowan hits you but does no damage.
Dowan is engulfed in blazing flames.
Dowan explodes!
The fiery explosion engulfs you!!!
Ouch! That really hurt!
You die...

##.#.####.......#...#
#####.#.# #....#.#[..
.# ........#
#.#..#.##.# .#
#######.#
#.#....##.##.#####. #.#
#.#.#......)(......
#.###.#....##......e...
#)##....##.##.##.#####.
#.##..####§§§....#
#.##....((@○§.((.#
#.##.###########.#
#.##. .# #.# .# #.# ..
{ #.# #.# #.# #.#
##############


There were no monsters in sight!

Vanquished Creatures
  Eustachio (D:4)
  Duvessa (D:4)
  A necrophage (D:4)
  Dowan (D:4)
  Jessica (D:3)
  Robin (D:3)
  4 gnolls
  5 adders
  4 dart slugs
  7 worms
  An orc (D:3)
  5 ball pythons
  2 endoplasms
  2 giant cockroaches
  10 goblins
  12 hobgoblins
  3 jackals (D:3)
  8 kobolds
  2 quokkas
  4 bats
  2 frilled lizards
  6 rats
83 creatures vanquished.

Vanquished Creatures (others)
  2 fungi (D:1)
  3 plants (D:1)
5 creatures vanquished.

Grand Total: 88 creatures vanquished

Notes
Turn   | Place    | Note
-------+----------+-------------------------------------------
     0 | D:1      | Bnni the Formicid Hexslinger began the quest for the Orb.
     0 | D:1      | Reached XP level 1. HP: 15/15 MP: 2/2
   128 | D:1      | Reached XP level 2. HP: 21/21 MP: 3/3
   254 | D:1      | Reached skill level 1 in Fire Magic
   254 | D:1      | Reached XP level 3. HP: 18/26 MP: 3/5
   258 | D:1      | Learned a level 3 spell: Inner Flame
   512 | D:1      | Reached skill level 4 in Hexes
   670 | D:1      | Found a faded altar of an unknown god.
   712 | D:2      | Found a white marble altar of Elyvilon.
   927 | D:2      | Reached XP level 4. HP: 20/32 MP: 6/6
  1745 | D:3      | Reached XP level 5. HP: 29/38 MP: 7/7
  1949 | D:3      | Noticed Robin
  1973 | D:3      | Killed Robin
  2149 | D:3      | Noticed Jessica
  2158 | D:3      | Killed Jessica
  2159 | D:3      | Reached skill level 1 in Shields
  2159 | D:3      | Reached XP level 6. HP: 40/44 MP: 7/9
  2203 | D:3      | Learned a level 4 spell: Cause Fear
  2784 | D:4      | Reached skill level 5 in Hexes
  2960 | D:4      | Noticed Eustachio
  2980 | D:4      | Killed Eustachio
  2981 | D:4      | Reached XP level 7. HP: 51/51 MP: 1/10
  3083 | D:4      | Noticed Duvessa
  3086 | D:4      | Noticed Dowan
  3092 | D:4      | Killed Duvessa
  3117 | D:4      | Killed Dowan
  3117 | D:4      | Killed by an exploding Dowan... ignited by their inner
                  | flame

Illustrated notes

Levels and vault maps discovered:
D:1:      nicolae_arrival_memento_mori, layout_basic,
          shapermc_ecumenical_altar_mp_urbaneastern
D:2:      layout_loops_cross, basic_altar, nicolae_wormholes
D:3:      layout_rooms, serial_rivers, chequers_serial_rivers_large_b,
          chequers_serial_rivers_micro_a, chequers_serial_rivers_large_a,
          chequers_serial_rivers_room_a, chequers_serial_rivers_micro_c,
          kennysheep_decorative_pillar, feat_on_display, uniq_jessica,
          uniq_robin
D:4:      layout_loops_ring, minmay_temple_entry_poolview, uniq_eustachio,
          uniq_crazy_yiuf_cottage, uniq_duvessa

Skill      XL: |  1  2  3  4  5  6  7 |
---------------+----------------------+-----
Fire Magic     | 1 2 3 |  3.0
Hexes          | 4 5 |  5.6
Ranged Weapons | 3 4 |  4.2
Fighting       | 2 |  2.6
Shields        | 1 2 |  2.2
Spellcasting   | 2 |  2.5
Dodging        | |  1.7

Action                   |  1- 3 |  4- 6 |  7- 9 || total
-------------------------+-------+-------+-------++-------
 Fire: Sling             |    95 |   251 |     6 ||   352
Throw: Dart              |       |       |    11 ||    11
       Throwing net      |       |       |     1 ||     1
 Cast: Slow              |     1 |     5 |       ||     6
       Inner Flame       |       |     4 |     3 ||     7
 Abil: Dig               |       |     1 |     1 ||     2
  Use: Scroll            |       |     3 |     2 ||     5
Armor: Robe              |    11 |    31 |     2 ||    44
Dodge: Dodged            |    32 |    96 |     6 ||   134

Table legend: (Time is in decaauts)
 A = Elapsed time spent in this place.
 B = Non-inter-level travel time spent in this place.
 C = Inter-level travel time spent in this place.
 D = Time resting spent in this place.
 E = Time spent auto-exploring this place.
 F = Levels seen in this place.
 G = Mean time per level.
                   A        B        C        D        E       F      G
               +--------+--------+--------+--------+--------+-----+--------+
         Total |   3258 |   3164 |     94 |    208 |   2212 |   4 |  814.5 |
       Dungeon |   3258 |   3164 |     94 |    208 |   2212 |   4 |  814.5 |
               +--------+--------+--------+--------+--------+-----+--------+

Top non-repeatable levels by time:
     D:3: 1264 daAuts
     D:2: 920 daAuts
     D:1: 713 daAuts
     D:4: 360 daAuts
